 Dungeon Crawl Stone Soup version 0.21-a0-401-g0b6bec4 (webtiles) character file.

48013 kae the Earth Mage (level 14, -1/80 HPs)
             Began as a Gargoyle Earth Elementalist on Oct 23, 2017.
             Was an Elder of Vehumet.
             Slain by a death yak (22 damage)
             ... on level 4 of the Lair of Beasts.
             The game lasted 00:34:17 (24077 turns).

kae the Earth Mage (Gargoyle Earth Elementalist)   Turns: 24077, Time: 00:34:18

Health: -1/80      AC: 18    Str: 14    XL:     14   Next: 44%
Magic:  30/39      EV: 14    Int: 24    God:    Vehumet [****..]
Gold:   817        SH:  0    Dex: 10    Spells: 19/37 levels left

rFire    . . .     SeeInvis +   C - +1 quarterstaff (holy)
rCold    . . .     Gourm    .   (shield currently unavailable)
rNeg     + . .     Faith    .   l - +2 robe
rPois    ∞         Spirit   .   (no helmet)
rElec    +         Reflect  .   H - +0 cloak
rCorr    .         Harm     +   a - +1 pair of gloves
MR       +++..                  (no boots)
Stlth    ++........             c - amulet of Wonder {Harm *Drain +Fly Str+4}
HPRegen  0.00/turn              Q - ring of magical power (curse)
MPRegen  0.26/turn              v - ring of the Mage {Wiz MR++ Int+3}

@: flying
A: big wings, see invisible, negative energy resistance 1, electricity
resistance, inhibited regeneration, weak 1, unbreathing, petrification
resistance, rot immunity, AC +10
a: Stop Flying, Renounce Religion


You were on level 4 of the Lair of Beasts.
You worshipped Vehumet.
Vehumet was greatly pleased with you.
You were not hungry.

You visited 3 branches of the dungeon, and saw 17 of its levels.

You collected 817 gold pieces.

Inventory:

Hand Weapons
 s - a +2 whip of draining
 C - a +1 quarterstaff of holy wrath (weapon)
Missiles
 G - 75 stones (quivered)
Armour
 a - a +1 pair of gloves (worn)
 l - a +2 robe (worn)
 H - a +0 cloak (worn)
Jewellery
 c - the amulet of Wonder (around neck) {Harm *Drain +Fly Str+4}
   (You found it on level 4 of the Lair of Beasts)

   [amulet of harm]

   It increases damage dealt and taken.
   It affects your strength (+4).
   It lets you fly.
   It causes draining when unequipped.
 m - an uncursed ring of resist corrosion
 q - an uncursed ring of ice
 v - the ring of the Mage (right hand) {Wiz MR++ Int+3}
   (You found it on level 4 of the Lair of Beasts)

   [ring of wizardry]

   It improves your spell success rate.
   It affects your intelligence (+3).
   It affects your resistance to hostile enchantments.
 L - an uncursed amulet of guardian spirit
 Q - a cursed ring of magical power (left hand)
 T - a +4 ring of intelligence
Wands
 w - a wand of paralysis (12/24)
 D - a wand of paralysis (12/24)
Scrolls
 g - 4 scrolls of recharging
 k - 2 scrolls of fear
 p - 3 scrolls of magic mapping
 r - a scroll of amnesia
 x - 3 scrolls of blinking
 y - a scroll of enchant armour
 z - 7 scrolls of remove curse
 B - 4 scrolls of fog
 V - a scroll of teleportation
 Y - a scroll of identify
Potions
 b - a potion of brilliance
 j - 2 potions of invisibility
 n - 2 potions of curing
 o - 2 potions of mutation
 A - 3 potions of flight
 F - a potion of heal wounds
 N - 3 potions of agility
 R - a potion of lignification
Books
 e - a book of Geomancy

   Spells                             Type                      Level
   a - Sandblast                      Earth                        1
   b - Passwall                       Transmutation/Earth          2
   c - Stone Arrow                    Conjuration/Earth            3
   d - Petrify                        Transmutation/Earth          4
   e - Lee's Rapid Deconstruction     Earth                        5
 f - a book of Minor Magic

   Spells                             Type                      Level
   a - Magic Dart                     Conjuration                  1
   b - Blink                          Translocation                2
   c - Call Imp                       Summoning                    2
   d - Slow                           Hexes                        2
   e - Conjure Flame                  Conjuration/Fire             3
   f - Mephitic Cloud                 Conjuration/Poison/Air       3
 X - a book of Flames

   Spells                             Type                      Level
   a - Flame Tongue                   Conjuration/Fire             1
   b - Throw Flame                    Conjuration/Fire             2
   c - Conjure Flame                  Conjuration/Fire             3
   d - Inner Flame                    Hexes/Fire                   3
   e - Sticky Flame                   Conjuration/Fire             4
   f - Fireball                       Conjuration/Fire             5
Comestibles
 d - 6 bread rations
 h - 12 meat rations
 i - 12 royal jellies
 t - a fruit


   Skills:
 + Level 6.1 Fighting
 - Level 4.2(4.8) Maces & Flails
 + Level 3.4(4.4) Staves
 + Level 6.1 Armour
 + Level 5.1 Dodging
 - Level 2.5 Stealth
 + Level 12.0 Spellcasting
 + Level 9.8 Conjurations
 - Level 0.7 Transmutations
 + Level 15.2 Earth Magic
 + Level 2.1 Evocations


You had 19 spell levels left.
You knew the following spells:

 Your Spells              Type           Power        Failure   Level  Hunger
a - Sandblast             Erth           ######       0%          1    None
b - Stone Arrow           Conj/Erth      ######       1%          3    None
c - Lee's Rapid Deconstr  Erth           ######....   1%          5    ###....
d - Bolt of Magma         Conj/Fire/Erth ######....   1%          5    ###....
e - Petrify               Tmut/Erth      ######..     1%          4    None


Dungeon Overview and Level Annotations

Branches:
Dungeon (11/15)            Temple (1/1) D:4            Lair (5/6) D:11
  Swamp (0/4) Lair:3       Spider (0/4) Lair:3        Slime (0/5) Lair:5
    Orc (0/2) D:11

Altars:
Ashenzari
Cheibriados
Dithmenos
Elyvilon
Fedhas
Gozag
Hepliaklqana
Makhleb
Nemelex Xobeh
Ru
Sif Muna
Trog
Vehumet
Xom
Yredelemnul
Zin
The Shining One
Jiyva
Lugonu

Annotations:
D:4 Menkaure
D:7 kae's ghost, novice GrEE
D:10 1 transporter, Urug
Lair:2 Sonja


Innate Abilities, Weirdness & Mutations

You are resistant to torment.
Your stone body is resilient. (AC +10)
You are immune to poison.
Your large and strong wings let you fly indefinitely.
You resist negative energy. (rN+)
You are resistant to electric shocks. (rElec)
You can survive without breathing.
You are immune to petrification.
You are immune to rotting.
You have supernaturally acute eyesight. (SInv)
You do not regenerate when monsters are visible.
You are weak. (Str -2)


Message History

The death yak is moderately wounded.
The death yak gores you!
Casting: Stone Arrow
Confirm with . or Enter, or press ? or * to list all spells.
Aiming: Stone Arrow
Press: ? - help, Shift-Dir - straight line, f/p - death yak
Aim: a death yak (moderately wounded)
The stone arrow hits the death yak.
The death yak is severely wounded.
The death yak gores you!
* * * LOW HITPOINT WARNING * * *
Casting: Stone Arrow
Confirm with . or Enter, or press ? or * to list all spells.
Aiming: Stone Arrow
Press: ? - help, Shift-Dir - straight line, f/p - death yak
Aim: a death yak (severely wounded)
The stone arrow hits the death yak.
The death yak is almost dead.
The death yak gores you!!
You die...

..###..............###..#........
.##.#..............##.##.....P...
.##..................#.......P...
#.#.................##........)..
...................P#............
.............................####
..................##............#
.................<.#..........P..
.......#.......#@.#.............#
≈.....##.......Y.#.............##
≈≈..#.###P.......#.............P#
≈≈....# ##...##.##..............P
≈≈≈...# ##P##...##.............P
≈≈≈≈..## ###....##............##
≈≈≈≈...# #PP..##..........####
≈≈≈..#######...####........P# ##
≈≈≈...###..P...P# #.#.##########.


You could see a death yak.

Vanquished Creatures
  A hydra (Lair:3)
  2 death yaks
  2 two-headed ogres
  An unseen horror (D:11)
  An ugly thing (D:11)
  4 oklob plants (Lair:4)
  5 elephants
  3 rime drakes
  6 spiny frogs
  6 komodo dragons
  A troll (D:9)
  4 jumping spiders (Lair:3)
  3 polar bears
  2 hornets (D:8)
  Grinder (D:3)
  11 blink frogs
  5 hippogriffs
  6 dream sheep
  3 redbacks
  2 shadows (D:11)
  2 wyverns
  A basilisk (Lair:1)
  A wraith (D:11)
  4 humans (D:9)
  21 yaks
  A hungry ghost (D:11)
  2 wargs (D:11)
  4 water moccasins
  5 porcupines
  Duvessa (D:4)
  An ice beast (D:7)
  2 sky beasts
  A black bear (D:11)
  A phantom (D:8)
  4 orc warriors
  4 wolves (Lair:2)
  3 ogres
  A centaur (D:5)
  6 crocodiles
  A big kobold (D:9)
  13 bullfrogs
  A gnoll sergeant (D:5)
  Dowan (D:4)
  3 scorpions
  23 killer bees
  5 wights (D:11)
  2 electric eels
  4 howler monkeys
  5 crimson imps
  3 jellies
  3 bullfrog zombies
  6 orc priests
  2 hounds
  2 bullfrog skeletons (D:8)
  A centaur skeleton (D:4)
  Ijyb (D:5)
  4 iguanas
  6 orc wizards
  13 worker ants
  A hound skeleton (D:6)
  3 hound zombies
  3 howler monkey zombies
  A worker ant zombie (D:9)
  10 adders
  4 gnolls (D:5)
  A worker ant simulacrum (D:8)
  3 oozes
  7 worms
  An adder skeleton (D:5)
  An adder zombie (D:5)
  A dart slug (D:3)
  6 leopard geckos
  40 orcs
  8 giant cockroaches
  4 goblins
  11 hobgoblins
  10 jackals
  A quokka (D:2)
  A ball python (D:8)
  3 bats
  2 frilled lizards
  A jackal skeleton (D:4)
  10 kobolds
  A leopard gecko skeleton (D:4)
  A leopard gecko zombie (D:8)
  A quokka simulacrum (D:8)
  A quokka zombie (D:5)
  9 rats
  A bush (Lair:3)
  A fungus (Lair:4)
  4 plants (Lair:4)
385 creatures vanquished.

Vanquished Creatures (others)
  8 fungi
  8 plants
16 creatures vanquished.

Grand Total: 401 creatures vanquished

Notes
Turn   | Place    | Note
-------+----------+-------------------------------------------
     0 | D:1      | kae the Gargoyle Earth Elementalist began the quest for the Orb.
     0 | D:1      | Reached XP level 1. HP: 10/10 MP: 3/3
   432 | D:1      | Reached XP level 2. HP: 15/15 MP: 5/5
   924 | D:2      | Reached skill level 4 in Earth Magic
   996 | D:2      | Reached XP level 3. HP: 12/19 MP: 0/6
  1287 | D:2      | Found a shadowy altar of Dithmenos.
  1915 | D:3      | Reached XP level 4. HP: 19/24 MP: 6/8
  2596 | D:3      | Reached skill level 5 in Earth Magic
  2956 | D:3      | Reached XP level 5. HP: 27/28 MP: 8/10
  3540 | D:4      | Noticed Duvessa
  3633 | D:4      | Noticed Dowan
  3744 | D:4      | Killed Duvessa
  3744 | D:4      | Reached skill level 6 in Earth Magic
  3744 | D:4      | Reached XP level 6. HP: 28/32 MP: 4/12
  3807 | D:4      | Killed Dowan
  3866 | D:4      | Noticed Menkaure
  3915 | D:4      | Found a staircase to the Ecumenical Temple.
  3988 | Temple   | Entered the Ecumenical Temple
  3994 | Temple   | Became a worshipper of Vehumet
  4072 | D:4      | Noticed Grinder
  4272 | D:3      | Learned a level 3 spell: Stone Arrow
  4496 | D:3      | Paralysed by Grinder for 5 turns
  4502 | D:3      | Killed Grinder
  4502 | D:3      | Reached skill level 5 in Spellcasting
  4502 | D:3      | Reached skill level 7 in Earth Magic
  4502 | D:3      | Reached XP level 7. HP: 22/36 MP: 8/14
  4789 | D:5      | Entered Level 5 of the Dungeon
  5549 | D:5      | Reached skill level 8 in Earth Magic
  5671 | D:5      | Reached XP level 8. HP: 35/41 MP: 16/16
  5680 | D:5      | Found a sacrificial altar of Ru.
  5681 | D:5      | Noticed Ijyb
  5688 | D:5      | Killed Ijyb
  6273 | D:5      | Found a basalt altar of Yredelemnul.
  6345 | D:5      | Reached skill level 9 in Earth Magic
  6504 | D:6      | Reached * piety under Vehumet
  6504 | D:6      | Offered knowledge of Magic Dart by Vehumet.
  6544 | D:6      | Found a blossoming altar of Fedhas.
  6802 | D:6      | Found a deep blue altar of Sif Muna.
  7042 | D:7      | Noticed kae's ghost (novice GrEE)
  7363 | D:6      | Gained mutation: You are weak. (Str -2) [potion of mutation]
  7363 | D:6      | Gained mutation: You do not regenerate when monsters are visible. [potion of mutation]
  7363 | D:6      | Gained mutation: You have supernaturally acute eyesight. (SInv) [potion of mutation]
  7374 | D:6      | Learned a level 5 spell: Lee's Rapid Deconstruction
  7458 | D:7      | Reached skill level 10 in Earth Magic
  7458 | D:7      | Reached XP level 9. HP: 28/45 MP: 14/20
  7761 | D:7      | Found a sparkling altar of Nemelex Xobeh.
  9267 | D:8      | Noticed a polar bear
  9281 | D:8      | Reached skill level 11 in Earth Magic
  9287 | D:8      | Killed a polar bear
  9646 | D:8      | Offered knowledge of Flame Tongue by Vehumet.
  9847 | D:8      | Noticed a hornet
  9856 | D:8      | Reached ** piety under Vehumet
 10071 | D:8      | Found a glowing golden altar of the Shining One.
 10525 | D:8      | Reached skill level 1 in Conjurations
 10525 | D:8      | Reached XP level 10. HP: 45/50 MP: 12/23
 10532 | D:8      | Reached skill level 12 in Earth Magic
 10712 | D:8      | Found a burning altar of Makhleb.
 10712 | D:8      | Noticed a blizzard demon
 12058 | D:9      | Found a shattered altar of Ashenzari.
 12061 | D:9      | Noticed a two-headed ogre
 12074 | D:9      | Killed a two-headed ogre
 12074 | D:9      | Reached skill level 10 in Spellcasting
 12637 | D:9      | Reached skill level 5 in Conjurations
 13046 | D:10     | Entered Level 10 of the Dungeon
 13239 | D:10     | Noticed Urug
 13289 | D:10     | Found a transporter.
 13292 | D:10     | Found a corrupted altar of Lugonu.
 13380 | D:10     | Reached skill level 13 in Earth Magic
 13843 | D:11     | Reached XP level 11. HP: 41/54 MP: 18/25
 13976 | D:11     | Offered knowledge of Static Discharge by Vehumet.
 14068 | D:11     | Noticed an unseen horror
 14224 | D:11     | Killed an unseen horror
 14231 | D:11     | Noticed a brown ugly thing
 14235 | D:11     | Killed a brown ugly thing
 14382 | D:11     | Reached *** piety under Vehumet
 14654 | D:11     | Found a staircase to the Lair.
 14900 | D:11     | Offered knowledge of Airstrike by Vehumet.
 15452 | D:11     | Reached **** piety under Vehumet
 15792 | D:11     | Offered knowledge of Bolt of Magma by Vehumet.
 15821 | D:11     | Reached skill level 14 in Earth Magic
 15912 | D:11     | Noticed a two-headed ogre
 15917 | D:11     | Killed a two-headed ogre
 16226 | D:11     | Found a staircase to the Orcish Mines.
 16437 | Lair:1   | Entered Level 1 of the Lair of Beasts
 16647 | Lair:1   | Learned a level 5 spell: Bolt of Magma
 17078 | Lair:1   | Reached XP level 12. HP: 59/59 MP: 25/27
 17941 | Lair:2   | Found a labyrinth entrance.
 17973 | Lair:1   | Reached skill level 1 in Armour
 18120 | Lair:1   | Reached skill level 1 in Fighting
 18124 | Lair:1   | Reached skill level 1 in Maces & Flails
 18127 | Lair:1   | Reached skill level 1 in Evocations
 18478 | Lair:2   | Noticed Sonja
 19233 | Lair:3   | Found a staircase to the Swamp.
 19854 | Lair:3   | Noticed a seven-headed hydra
 19859 | Lair:3   | Killed a seven-headed hydra
 20408 | Lair:3   | Found a hole to the Spider Nest.
 21112 | Lair:3   | Reached XP level 13. HP: 65/69 MP: 22/28
 21359 | Lair:4   | Reached skill level 15 in Earth Magic
 21643 | Lair:4   | Learned a level 4 spell: Petrify
 21971 | Lair:4   | Got a sparkling pewter amulet
 22819 | Lair:4   | Found the ring of the Mage {Wiz MR++ Int+3}
 23577 | Lair:4   | Identified the amulet of Wonder {Harm *Drain +Fly Str+4} (You found it on level 4 of the Lair of Beasts)
 23602 | Lair:5   | Found a viscous altar of Jiyva.
 23602 | Lair:5   | Found a staircase to the Slime Pits.
 23604 | Lair:5   | Gained mutation: Your large and strong wings let you fly indefinitely. [Gargoyle growth]
 23604 | Lair:5   | Reached XP level 14. HP: 70/80 MP: 30/30
 23673 | Lair:5   | Reached skill level 5 in Dodging
 24077 | Lair:4   | Slain by a death yak

Vault maps used:
D:1:      roderic_crop_circles_arrival_small, minmay_ruptured
D:2:      nicolae_dithmenos_shadow_blocks, first_bread, eino_tiny_chamber
D:4:      minmay_temple_entry_statues_fountains, hex_tiny, uniq_grinder,
          uniq_duvessa, uniq_menkaure
D:5:      kennysheep_mini_moat, yredelemnul_altar_generic, uniq_ijyb
D:6:      led_sif_pool, fedhas_altar_1
D:7:      kennysheep_mini, minmay_liquid_box, hangedman_abyss_or_decor_stabs
D:8:      makhleb_altar_promises_db, serial_ice, serial_ice_g, serial_ice_f,
          serial_ice_k, serial_ice_m, serial_ice_c, serial_ice_e, serial_ice_a,
          hangedman_pestilent_swarm, nicolae_tso_carved_into_rock
D:9:      cheibrodos_ashenzari_chains, minmay_misc_feat_cross, minmay_ruffians
D:10:     gammafunk_corrupted_shrine, kennysheep_nondescript, uniq_urug
D:11:     erik_lair_orcish_takeover, orc_0_dummy
Temple:   eino_narrow_crystal_temple
Lair:1:   grunt_megastairs_2
Lair:2:   lab_entry_generic, uniq_sonja
Lair:3:   minmay_swamp_entry_eels, nicolae_spider_entry_tight_spaces,
          wad_woods_06
Lair:4:   minmay_lair_oklob_chamber, infiniplex_staircase_pool_2
Lair:5:   slime_altar_1, patterned_corridor

Skill      XL: |  1  2  3  4  5  6  7  8  9 10 11 12 13 14 |
---------------+-------------------------------------------+-----
Earth Magic    | 4 5 6 7 8 10 11 13 14 15 | 15.2
Spellcasting   | 3 4 5 7 9 10 11 12 | 12.0
Conjurations   | 1 5 8 9 |  9.8
Dodging        | 3 4 5 |  5.1
Armour         | 3 6 |  6.1
Fighting       | 3 6 |  6.1
Maces & Flails | 3 4 |  4.2
Evocations     | 1 2 |  2.1
Staves         | 3 |  3.4
Stealth        | |  2.5
Transmutations | |  0.7

Action                   |  1- 3 |  4- 6 |  7- 9 | 10-12 | 13-15 || total
-------------------------+-------+-------+-------+-------+-------++-------
Melee: Unarmed           |    15 |       |       |       |       ||    15
       Club              |    64 |    43 |       |       |       ||   107
       Whip              |       |   101 |   320 |   291 |    46 ||   758
       Quarterstaff      |       |       |       |       |     9 ||     9
 Cast: Sandblast         |    41 |    67 |    75 |   119 |    10 ||   312
       Stone Arrow       |       |       |    60 |   299 |    76 ||   435
       Lee's Rapid Decon |       |       |     3 |       |    13 ||    16
       Bolt of Magma     |       |       |       |       |    20 ||    20
 Abil: Fly               |       |       |       |       |     1 ||     1
  Use: Scroll            |       |    11 |     4 |     7 |     3 ||    25
       Potion            |       |       |     5 |     2 |     1 ||     8
 Stab: Sleeping          |     2 |     2 |     2 |     2 |       ||     8
       Distracted        |       |     1 |     1 |       |       ||     2
       Invisible         |       |       |       |     4 |       ||     4
  Eat: Chunk             |     2 |     9 |    19 |    26 |     5 ||    61
       Fruit             |       |       |     2 |     8 |     1 ||    11
       Bread ration      |       |       |       |       |     1 ||     1
       Royal jelly       |       |       |       |       |     1 ||     1
Armor: Robe              |    52 |    54 |   179 |   234 |    21 ||   540
Dodge: Dodged            |   113 |   123 |   269 |   304 |    39 ||   848

Table legend:
 A = Spawn XP
 B = Non-spawn XP
 C = Spawn XP percentage of total XP
 D = Spawn monster count
 E = Non-spawn monster count
 F = Spawn count percentage of total count
 G = Total turns spent on level
                    A         B        C        D         E        F      G
               +---------+---------+-------+---------+---------+-------+---------
         Total |       0 |   42842 |   0.0 |       0 |     379 |   0.0 | 24077
               +---------+---------+-------+---------+---------+-------+---------
           D:1 |       0 |      15 |   0.0 |       0 |      10 |   0.0 |   914
           D:2 |       0 |      48 |   0.0 |       0 |      19 |   0.0 |   808
           D:3 |       0 |     440 |   0.0 |       0 |      39 |   0.0 |  2156
           D:4 |       0 |     325 |   0.0 |       0 |      14 |   0.0 |  1172
           D:5 |       0 |     843 |   0.0 |       0 |      27 |   0.0 |  1389
           D:6 |       0 |     536 |   0.0 |       0 |      10 |   0.0 |   732
           D:7 |       0 |     572 |   0.0 |       0 |      17 |   0.0 |  1575
           D:8 |       0 |    2877 |   0.0 |       0 |      43 |   0.0 |  2381
           D:9 |       0 |    2834 |   0.0 |       0 |      22 |   0.0 |  1906
          D:10 |       0 |     769 |   0.0 |       0 |      10 |   0.0 |  1113
          D:11 |       0 |    7608 |   0.0 |       0 |      74 |   0.0 |  2278
        Lair:1 |       0 |    3504 |   0.0 |       0 |      18 |   0.0 |  1567
        Lair:2 |       0 |    5800 |   0.0 |       0 |      24 |   0.0 |  1445
        Lair:3 |       0 |    5961 |   0.0 |       0 |      20 |   0.0 |  1708
        Lair:4 |       0 |    8521 |   0.0 |       0 |      24 |   0.0 |  2557
        Lair:5 |       0 |    2189 |   0.0 |       0 |       8 |   0.0 |   363
               +---------+---------+-------+---------+---------+-------+---------
